 Dungeon Crawl Stone Soup version 0.29-a0-96-g93358da72b (webtiles) character file.

Game seed: 14488360389268030300

10 Grim the Bolt Thrower (level 2, 0/25 HPs)
             Began as a Minotaur Hunter on Feb 13, 2022.
             Slain by an ufetubus (2 damage)
             ... on level 1 of the Dungeon.
             The game lasted 00:00:52 (878 turns).

Grim the Bolt Thrower (Minotaur Hunter)              Turns: 878, Time: 00:00:53

Health: 0/25       AC:  3    Str: 16    XL:     2   Next: 10%
Magic:  1/1        EV: 11    Int:  8    God:
Gold:   28         SH:  0    Dex: 10    Spells: 1/1 levels left

rFire   . . .      SeeInvis .   b - +0 short sword
rCold   . . .      Faith    .   (no shield)
rNeg    . . .      Spirit   .   c - +0 leather armour
rPois   .          Reflect  .   (helmet restricted)
rElec   .          Harm     .   (no cloak)
rCorr   .          Rampage  .   (no gloves)
Will    .....                   (no boots)
Stlth   +.........              (no amulet)
HPRegen 0.08/turn               (no ring)
MPRegen 0.07/turn               (no ring)

@: no status effects
A: horns 2, retaliatory headbutt
a: no special abilities


You were on level 1 of the Dungeon.
You visited 1 branch of the dungeon, and saw 2 of its levels.

You collected 28 gold pieces.

Inventory:

Hand Weapons
 a - a +1 hand crossbow
 b - a +0 short sword (weapon)
 e - a +0 whip
Missiles
 d - 13 bolts
Armour
 c - a +0 leather armour (worn)
Scrolls
 f - a scroll of identify {unknown}
 h - 3 scrolls of teleportation {unknown}
Potions
 g - a potion of invisibility {unknown}


   Skills:
 - Level 2.4 Fighting
 + Level 4.9 Crossbows
 - Level 2.2 Dodging
 - Level 0.7 Stealth


You had one spell level left.
You didn't know any spells.
Your spell library was empty.

Dungeon Overview and Level Annotations

Branches:
Dungeon (2/15)

Altars:


Innate Abilities, Weirdness & Mutations

You have a pair of horns on your head.
You reflexively headbutt those who attack you in melee.


Message History

b - a +0 short sword (weapon)
The ufetubus barely misses you. The ufetubus closely misses you.
You barely miss the ufetubus. The ufetubus hits you.
* * * LOW HITPOINT WARNING * * *
The ufetubus hits you but does no damage.
You closely miss the ufetubus.
The ufetubus hits you but does no damage.
The ufetubus barely misses you. The ufetubus closely misses you.
The ufetubus hits you but does no damage.
You barely miss the ufetubus. The ufetubus barely misses you.
You furiously retaliate!
You headbutt the ufetubus, but do no damage.
The ufetubus hits you.
* * * LOW HITPOINT WARNING * * *
The ufetubus hits you but does no damage.
The ufetubus misses you.
You barely miss the ufetubus.
The ufetubus hits you but does no damage.
The ufetubus hits you.
* * * LOW HITPOINT WARNING * * *
You miss the ufetubus. Your punch misses the ufetubus.
The ufetubus barely misses you. x3; The ufetubus closely misses you.
You miss the ufetubus. Your headbutt misses the ufetubus.
The ufetubus hits you.
* * * LOW HITPOINT WARNING * * *
The ufetubus barely misses you.
You closely miss the ufetubus. Your headbutt misses the ufetubus.
The ufetubus barely misses you. The ufetubus hits you.
* * * LOW HITPOINT WARNING * * *
The ufetubus barely misses you. The ufetubus hits you.
* * * LOW HITPOINT WARNING * * *
You barely miss the ufetubus. The ufetubus closely misses you.
You furiously retaliate!
You headbutt the ufetubus. The ufetubus misses you.
The ufetubus closely misses you. You furiously retaliate!
You headbutt the ufetubus, but do no damage.
The ufetubus hits you but does no damage.
You completely miss the ufetubus. Your headbutt misses the ufetubus.
The ufetubus is severely wounded.
The ufetubus closely misses you. The ufetubus hits you.
You die...

#>.......# #.# #.#
#........#####.#####.#
#...).................
#..................#..
#.........########.###
#.###'#'#.#........... #.#
#.#.#.#.####...### #.#
#.#.#...# #...# #.#
#@#.########...#
#.###5#............##
#.#..g..............#
######.#.#...............##
#........#.###########.#...
#.####.###.######## #.#...
#.# #............####.#...
#.########.######.#....#...
#.#.†...[#.# #.###.##...


You could see an ufetubus and a goblin.

Vanquished Creatures
  A bat (D:2)
  An endoplasm (D:1)
  A hobgoblin (D:1)
  2 jackals (D:1)
  A quokka (D:1)
  A goblin (D:1)
  2 kobolds (D:1)
9 creatures vanquished.

Notes
Turn   | Place    | Note
-------+----------+-------------------------------------------
     0 | D:1      | Grim the Minotaur Hunter began the quest for the Orb.
     0 | D:1      | Reached XP level 1. HP: 18/18 MP: 0/0
   224 | D:1      | Found a faded altar of an unknown god.
   532 | D:1      | Reached XP level 2. HP: 25/25 MP: 1/1
   878 | D:1      | Slain by an ufetubus

Illustrated notes

Levels and vault maps discovered:
D:1:      mrwooster_arrival_statue, layout_basic,
          shapermc_ecumenical_altar_pompeii
D:2:      layout_loops_cross, nicolae_figureground_sparkle, uniq_terence,
          uniq_sigmund

Action                   || total
-------------------------++-------
Melee: Short sword       ||     9
 Fire: Hand crossbow     ||    16
Armor: Leather armour    ||     8
Dodge: Dodged            ||    29

Table legend: (Time is in decaauts)
 A = Elapsed time spent in this place.
 B = Non-inter-level travel time spent in this place.
 C = Inter-level travel time spent in this place.
 D = Time resting spent in this place.
 E = Time spent auto-exploring this place.
 F = Levels seen in this place.
 G = Mean time per level.
                   A        B        C        D        E       F      G
               +--------+--------+--------+--------+--------+-----+--------+
         Total |    880 |    852 |     28 |      0 |    785 |   2 |  440.0 |
       Dungeon |    880 |    852 |     28 |      0 |    785 |   2 |  440.0 |
               +--------+--------+--------+--------+--------+-----+--------+

Top non-repeatable levels by time:
     D:1: 873 daAuts
     D:2: 6 daAuts
